Map: Pendiente de Agustín EE

Players

Zord

  • Race: Terran Terran
  • Spawn Location: 12:00

BlackKuanna

  • Race: Zerg Zerg
  • League: Bronze
  • Spawn Location: 12:00

Prodigy

  • Race: Protoss Protoss
  • Spawn Location: 11:00

MrFercho - Winner!

  • Race: Zerg Zerg
  • League: Silver
  • Spawn Location: 5:00

tigro - Winner!

  • Race: Terran Terran
  • League: Bronze
  • Spawn Location: 6:00

TATORREA - Winner!

  • Race: Protoss Protoss
  • League: Silver
  • Spawn Location: 6:00

VOD

Have the link to the VOD?

Description

Time

  • Played on: June 19, 2020, 10:15 p.m.
  • Length: 19:10
Show
View Real Time Build Order
Export as new Build Order

Zord Terran 

Build Orders:  

Get SALT Encoding   

  12  0:09  SCV  
  13  0:20  Supply Depot  
  13  0:21  SCV  
  14  0:33  SCV  
  15  0:46  SCV  
  15  0:49  Refinery  
  16  0:55  Supply Depot  
  16  0:58  SCV  
  17  1:10  SCV  
  18  1:18  Barracks  
  18  1:22  SCV  
  19  1:34  SCV  
  20  1:42  Refinery  
  20  1:46  SCV  
  21  1:50  Engineering Bay  
  21  1:58  SCV  
  22  2:10  SCV  
  23  2:16  Barracks Reactor  
  23  2:22  SCV  
  24  2:25  Supply Depot, Command Center  
  24  2:54  Refinery  
  24  2:58  Marine x2  
  26  3:16  Marine x2  
  28  3:34  Marine x2  
  28  3:40  SCV  
  31  3:52  Marine x2, SCV  
  34  3:56  Barracks  
  34  4:04  SCV  
  35  4:10  Marine x2  
  35  4:13  Command Center  
  35  4:17  SCV  
  38  4:26  Terran Infantry Weapons Level 1  
  38  4:27  Marine x2  
  38  4:29  SCV  
  41  4:39  Orbital Command  
  41  4:41  SCV  
  41  4:45  Marine x2  
  44  4:53  SCV  
  44  4:54  Refinery  
  44  4:57  Barracks Reactor  
  44  4:59  Barracks Tech Lab  
  45  5:03  Marine x2  
  45  5:05  SCV  
  43  5:17  SCV  
  35  5:29  SCV  
  35  5:34  Marine  
  35  5:35  Marine  
  38  5:38  Combat Shield  
  38  5:41  Marauder, SCV  
  41  5:52  Marine x2, SCV  
  44  6:02  Marauder  
  46  6:04  SCV  
  46  6:10  Marine x2  
  49  6:16  SCV  
  43  6:24  Marauder  
  39  6:28  Marine x2, SCV  
  31  6:45  Marauder  
  31  6:46  Marine x2  
  33  6:57  Stimpack  
  33  7:03  Marine  
  33  7:04  Marine  
  33  7:06  Marauder  
  37  7:21  Marine x2  
  39  7:28  Marauder  
  41  7:39  Marine x2  
  43  7:45  Command Center  
  43  7:49  Marauder  
  45  7:57  Marine x2  
  47  7:58  Factory  
  47  8:09  SCV  
  47  8:11  Marauder  
  50  8:15  Marine x2  
  50  8:18  SCV  
  53  8:22  SCV  
  54  8:30  SCV  
  54  8:32  Marauder  
  54  8:33  Marine x2  
  59  8:37  Concussive Shells  
  59  8:42  SCV  
  59  8:45  SCV  
  61  8:52  Starport  
  61  8:55  Factory Tech Lab  
  61  8:56  Marauder  
  61  8:57  SCV  
  64  9:04  SCV  
  64  9:09  Marine x2, SCV  
  68  9:16  SCV  
  69  9:18  Marauder  
  69  9:21  SCV, Refinery  
  72  9:24  Supply Depot  
  72  9:27  Marine  
  72  9:28  SCV  
  74  9:33  SCV  
  75  9:39  Marauder  
  77  9:46  Supply Depot, Marine x2, SCV  
  77  9:48  Siege Tank  
  83  9:57  Starport Tech Lab  
  83  9:58  SCV  
  84  10:03  Marine, Fusion Core  
  85  10:08  Marauder, Marine  
  85  10:09  Supply Depot  
  85  10:10  SCV  
  89  10:20  Siege Tank  
  92  10:22  SCV  
  92  10:25  Supply Depot  
  93  10:31  Marauder, SCV  
  78  10:43  SCV  
  78  10:48  Supply Depot  
  47  10:55  SCV  
  46  10:58  Weapon Refit  
  46  11:01  Viking  
  48  11:07  SCV  
  48  11:10  Marine x2  
  47  11:12  Supply Depot  
  48  11:19  SCV  
  41  11:28  Marine x2  
  41  11:31  Viking, Cyclone  
  44  11:35  Supply Depot  
  39  11:45  Marine  
  39  11:46  Marine  
  32  11:53  SCV  
  32  11:54  Refinery  
  32  12:01  Viking  
  32  12:03  Marine x2, Cyclone  
  39  12:21  Marine x2  
  40  12:31  Viking  
  40  12:36  Cyclone  
  45  12:39  Marine x2  
  46  12:57  Marine x2  
  48  13:05  Supply Depot  
  48  13:08  Cyclone  
  51  13:13  SCV  
  51  13:14  Marine  
  51  13:15  Marine  
  54  13:25  SCV  
  55  13:29  Supply Depot  
  55  13:32  Marine x2  
  57  13:37  SCV  
  57  13:38  Battlecruiser  
  57  13:40  Cyclone  
  67  13:49  SCV  
  67  13:50  Marine x2  
  70  14:01  SCV  
  71  14:08  Marine x2  
  68  14:12  Cyclone  
  68  14:13  SCV  
  45  14:25  SCV  
  45  14:26  Marine  
  42  14:43  Battlecruiser  
  42  14:44  Cyclone  
  51  14:46  Marine x2  
  52  15:04  Marine x2  
  46  15:16  Cyclone  
  37  15:22  Marine x2  
  27  15:40  Marine x2  
  29  15:47  Battlecruiser  
  29  15:48  Cyclone  
  24  16:25  Command Center  
  19  16:33  Marine  
  19  16:34  Marine  
  18  16:51  Marine x2  
  20  16:58  Cyclone  
  23  17:09  Marine x2  
  23  17:27  Marine x2  
  25  17:30  Cyclone  
  22  17:45  Marine x2  
  18  18:02  Cyclone  
  13  18:34  Cyclone  
Show
View Real Time Build Order
Export as new Build Order

BlackKuanna Zerg 

Build Orders: Pool First, Lurkers 

Get SALT Encoding   

  12  0:09  Drone x2  
  14  0:23  Overlord  
  14  0:41  Drone x2  
  16  0:52  Spawning Pool, Drone  
  16  0:53  Extractor  
  16  0:56  Drone  
  16  1:16  Drone x2  
  18  1:31  Drone  
  19  1:38  Overlord  
  19  1:52  Queen  
  21  1:54  Zergling x2  
  22  2:01  Extractor  
  22  2:02  Evolution Chamber  
  22  2:03  Evolution Chamber  
  19  2:17  Drone x2  
  21  2:27  Drone  
  22  2:33  Hatchery, Drone  
  22  2:47  Zergling x2  
  22  2:50  Zerg Ground Armor Level 1, Zerg Missile Weapons Level 1  
  23  3:02  Roach Warren  
  23  3:05  Drone x2  
  24  3:07  Drone  
  25  3:13  Drone  
  25  3:18  Zergling x2  
  27  3:37  Lair  
  27  3:43  Roach  
  27  3:44  Overlord x2  
  29  3:49  Drone  
  30  3:56  Roach  
  30  3:58  Roach  
  34  4:07  Drone x2  
  36  4:13  Roach  
  36  4:14  Roach  
  40  4:24  Queen  
  40  4:26  Drone  
  43  4:34  Roach  
  43  4:35  Roach  
  47  4:46  Drone x2  
  47  4:52  Roach  
  51  4:58  Overlord  
  51  4:59  Overlord  
  51  5:04  Drone  
  52  5:24  Extractor  
  52  5:25  Extractor, Roach x2  
  52  5:26  Roach x2  
  58  5:29  Drone x3  
  58  5:35  Roach  
  63  5:41  Roach x2  
  63  5:42  Overlord  
  67  5:49  Glial Reconstitution  
  67  5:53  Drone  
  67  5:55  Overlord  
  68  6:00  Drone x2  
  70  6:12  Roach  
  70  6:13  Roach x2  
  70  6:14  Roach x2  
  80  6:28  Hydralisk Den  
  80  6:29  Roach  
  80  6:32  Drone x3  
  80  6:57  Roach x2  
  80  6:59  Overlord x2  
  80  7:01  Overlord x4  
  80  7:10  Burrow  
  82  7:15  Roach  
  82  7:18  Roach  
  84  7:39  Roach x3  
  84  7:40  Roach  
  92  7:45  Muscular Augments  
  92  7:53  Drone x4  
  92  7:54  Drone  
  92  7:57  Hatchery  
  96  8:00  Lurker Den  
  96  8:05  Drone x2  
  97  8:19  Hydralisk  
  97  8:20  Hydralisk x3  
  105  8:38  Roach x4  
  115  8:41  Roach x2  
  115  8:42  Roach  
  115  8:45  Zergling x2  
  115  8:46  Zergling x2  
  121  8:58  Extractor x2  
  119  9:04  Ravager x4  
  119  9:06  Ravager  
  119  9:07  Ravager x2  
  126  9:13  Drone  
  126  9:14  Queen  
  129  9:23  Drone  
  130  9:27  Drone  
  130  9:28  Drone x5  
  136  9:35  Overlord x5  
  136  9:50  Drone  
  137  9:56  Hydralisk  
  137  9:57  Hydralisk x2  
  137  9:59  Hydralisk x3  
  145  10:03  Overlord  
  149  10:09  Drone x3  
  152  10:36  Lurker x2  
  152  10:37  Lurker x3  
  88  11:10  Hydralisk x2  
  88  11:11  Hydralisk x5  
  66  11:12  Hydralisk x2  
  66  11:13  Hydralisk x4  
  66  11:16  Hydralisk x4  
  66  11:17  Hydralisk x3  
  96  11:35  Roach x2  
  74  12:06  Roach  
  74  12:07  Roach x2  
  72  12:16  Roach  
  72  12:18  Hydralisk x2  
  72  12:19  Hydralisk x3  
  72  12:21  Hydralisk x4  
  92  12:26  Hydralisk x4  
  92  12:27  Hydralisk  
  92  12:28  Hydralisk x2  
  92  12:29  Drone  
  107  12:30  Hydralisk x3  
  113  12:40  Hydralisk x3  
  113  12:45  Roach x2  
  113  12:53  Roach x2  
  113  12:54  Hydralisk x2  
  113  12:55  Hydralisk x2  
  113  12:56  Hydralisk  
  127  13:09  Hydralisk x2  
  127  13:10  Hydralisk  
  127  13:11  Roach x3  
  141  13:13  Roach  
  141  13:14  Overlord  
  141  13:18  Roach  
  143  13:23  Roach  
  145  13:32  Metabolic Boost, Infestation Pit  
  144  13:46  Roach x3  
  144  13:48  Roach x6  
  162  14:16  Spine Crawler  
  161  14:22  Hydralisk x3  
  161  14:23  Hydralisk x2  
  161  14:24  Hydralisk x2  
  169  14:26  Hydralisk x5  
  169  14:29  Zergling x2  
  148  14:57  Hydralisk x4  
  148  14:58  Hydralisk x2  
  148  14:59  Hydralisk x2  
  160  15:27  Zergling x12  
  160  15:33  Hydralisk x5  
  127  15:48  Roach  
  127  15:49  Roach  
  129  15:51  Roach x3  
  129  15:52  Roach x3  
  134  16:30  Hydralisk x2  
  134  16:31  Hydralisk x2  
  134  16:32  Hydralisk  
  140  16:33  Hydralisk x2  
  140  16:34  Hydralisk x3  
  110  17:11  Zergling x2  
  110  17:12  Zergling x12  
  110  17:13  Zergling x6  
  110  17:14  Zergling x4  
  83  17:16  Zergling x10  
  83  17:17  Zergling x2  
  63  17:35  Zergling x4  
  63  17:36  Zergling x4  
Show
View Real Time Build Order
Export as new Build Order

Prodigy Protoss 

Build Orders:  

Get SALT Encoding   

  12  0:02  Probe  
  13  0:14  Probe  
  13  0:19  Pylon  
  14  0:26  Probe  
  15  0:40  Gateway  
  15  0:41  Probe  
  16  0:50  Pylon  
  16  0:53  Probe  
  17  0:57  Assimilator  
  17  1:05  Probe  
  18  1:12  Forge  
  18  1:18  Probe  
  19  1:30  Probe  
  20  1:35  Assimilator  
  20  1:41  Gateway  
  20  1:42  Probe  
  21  2:05  Probe  
  22  2:10  Protoss Ground Weapons Level 1  
  22  2:18  Photon Cannon  
  22  2:21  Probe  
  23  2:38  Cybernetics Core  
  23  2:40  Probe  
  23  2:42  Photon Cannon  
  24  2:53  Probe  
  25  3:01  Warp Gate  
  25  3:06  Probe, Nexus  
  25  3:12  Pylon  
  26  3:15  Pylon  
  25  3:39  Gateway  
  25  3:41  Probe  
  26  3:42  Shield Battery  
  26  3:50  Shield Battery  
  26  3:53  Probe  
  27  4:15  Probe  
  27  4:17  Twilight Council  
  28  4:19  Probe  
  29  4:31  Probe  
  30  4:33  Assimilator, Probe  
  30  4:37  Protoss Ground Armor Level 1, Assimilator  
  31  4:43  Probe  
  31  4:45  Probe  
  33  4:46  Stargate  
  33  4:49  Stargate  
  33  4:55  Probe  
  33  4:57  Probe  
  35  5:07  Stalker x2, Probe  
  35  5:09  Probe  
  41  5:21  Probe  
  42  5:23  Probe  
  43  5:33  Probe  
  43  5:34  Templar Archives  
  44  5:45  Probe  
  44  5:47  Probe  
  44  5:49  Phoenix  
  48  5:55  Stalker x2  
  52  5:57  Probe  
  52  5:59  Probe  
  54  6:09  Probe  
  55  6:13  Pylon, Probe  
  55  6:16  Pylon  
  55  6:17  Pylon  
  56  6:21  Probe  
  57  6:33  Probe  
  57  6:38  Shield Battery  
  58  6:41  Shield Battery  
  58  6:45  Protoss Shields Level 1  
  58  6:48  Void Ray  
  58  6:49  Nexus  
  58  6:52  Blink  
  62  7:01  Protoss Air Weapons Level 1  
  62  7:16  Probe  
  61  7:24  Probe  
  61  7:28  Pylon, Probe  
  63  7:30  Void Ray  
  63  7:32  Pylon  
  63  7:35  High Templar x3  
  73  7:42  Gateway  
  72  7:45  Gateway  
  72  7:55  Probe  
  74  7:58  Probe  
  74  8:07  Probe  
  74  8:10  Archon  
  75  8:18  Probe  
  76  8:24  Assimilator  
  76  8:27  Assimilator  
  76  8:28  Probe  
  76  8:29  Pylon  
  76  8:30  Probe  
  76  8:32  Pylon  
  78  8:34  Pylon  
  78  8:35  High Templar  
  78  8:36  Pylon, High Templar x2  
  78  8:40  Probe  
  85  8:42  Probe  
  85  8:44  High Templar  
  85  8:45  High Templar  
  90  8:52  Probe  
  90  8:54  Probe  
  90  8:55  Fleet Beacon  
  92  8:57  Photon Cannon  
  92  9:04  Probe  
  92  9:06  Shield Battery, Probe  
  92  9:08  Shield Battery  
  92  9:09  Photon Cannon  
  94  9:11  Archon x3  
  94  9:18  Probe  
  94  9:19  Probe  
  96  9:31  Probe  
  97  9:32  High Templar x2  
  101  9:41  Pylon  
  101  9:42  Carrier  
  101  9:43  Probe, Archon  
  102  9:46  Sentry  
  102  9:48  Void Ray  
  114  10:14  Probe  
  114  10:16  Shield Battery, Nexus  
  114  10:18  Photon Cannon, Mothership  
  114  10:20  Photon Cannon  
  123  10:43  Gateway  
  123  10:45  Gateway  
  123  10:48  Gateway  
  123  10:50  Gateway  
  115  11:27  Void Ray  
  115  11:29  Void Ray  
  115  11:32  Stalker x3  
  115  11:34  Sentry  
  115  11:35  Sentry  
  83  12:05  Stalker x4  
  91  12:09  Stalker x3  
  91  12:12  Stalker x2  
  101  12:23  Probe  
  101  12:28  Assimilator  
  102  12:35  Probe  
  102  12:36  Unknown  
  103  12:38  Carrier x2  
  115  12:47  Probe  
  116  12:52  Pylon  
  116  12:55  Pylon  
  116  12:57  Pylon  
  114  12:58  Stalker x3  
  114  12:59  Probe  
  114  13:00  Stalker x3  
  114  13:03  Sentry  
  129  13:09  Probe  
  130  13:13  Probe  
  131  13:23  Probe  
  131  13:25  Probe  
  133  13:31  Assimilator  
  133  13:33  Pylon  
  133  13:35  Probe  
  133  13:37  Pylon, Probe  
  135  13:46  Stargate  
  135  13:48  Stargate  
  135  13:49  Probe  
  135  13:54  Stargate  
  136  14:01  Probe  
  99  14:10  Stalker x3  
  99  14:13  Stalker  
  73  15:02  Probe  
  73  15:05  Void Ray x2  
  72  15:07  Void Ray  
  72  15:14  Stalker, Probe  
  64  15:18  Stalker x2  
  62  15:26  Probe  
  62  15:39  Probe  
  62  15:48  Void Ray x2  
  70  15:50  Void Ray  
  74  16:00  Void Ray  
  78  16:07  Probe  
  78  16:09  Probe  
  80  16:18  Photon Cannon  
  80  16:19  Probe  
  80  16:20  Photon Cannon  
  80  16:21  Probe  
  80  16:22  Photon Cannon  
  80  16:23  Void Ray  
  82  16:31  Probe  
  83  16:33  Probe  
  83  16:34  Void Ray  
  83  16:35  Void Ray  
  88  16:43  Probe  
  88  16:45  Probe  
  98  16:55  Probe  
  98  16:57  Pylon, Probe  
  101  17:09  Probe  
  102  17:21  Probe  
  110  17:24  Void Ray  
  110  17:25  Void Ray  
  110  17:26  Void Ray x2  
  110  17:34  Probe  
Show
View Real Time Build Order
Export as new Build Order

MrFercho Zerg - Winner!

Build Orders: Hatch First, Muta Ling Bane 

Get SALT Encoding   

  12  0:01  Drone  
  13  0:15  Overlord  
  13  0:17  Drone  
  14  0:33  Drone x2  
  16  0:55  Drone  
  16  0:56  Hatchery  
  16  1:10  Spawning Pool  
  15  1:14  Drone  
  16  1:20  Drone x2  
  18  1:31  Drone  
  19  1:36  Drone  
  20  1:43  Extractor  
  19  1:58  Drone x2  
  21  2:07  Queen  
  21  2:08  Queen  
  23  2:09  Overlord x2  
  25  2:23  Drone  
  25  2:24  Drone  
  27  2:42  Drone x4  
  31  2:56  Queen  
  33  3:01  Evolution Chamber  
  33  3:05  Zergling x8  
  36  3:26  Metabolic Boost  
  36  3:41  Zergling x2  
  36  3:42  Zergling x14  
  44  3:49  Overlord x4  
  44  4:03  Extractor  
  44  4:04  Drone  
  44  4:16  Drone x4  
  48  4:17  Extractor  
  47  4:26  Baneling Nest  
  47  4:28  Drone  
  47  4:29  Drone x2  
  49  4:32  Lair  
  49  4:57  Zerg Ground Armor Level 1  
  37  5:34  Centrifical Hooks  
  37  5:41  Evolution Chamber  
  36  5:44  Drone  
  36  5:45  Drone x11  
  48  6:09  Hatchery  
  47  6:19  Zerg Melee Weapons Level 1  
  47  6:24  Extractor  
  46  6:40  Drone x2  
  46  6:41  Drone x5  
  53  6:52  Zergling x4  
  55  7:06  Spire  
  54  7:10  Drone x3  
  54  7:11  Drone x3  
  60  7:19  Extractor  
  59  7:24  Extractor  
  59  7:25  Zergling x18  
  67  7:37  Infestation Pit  
  66  7:48  Pneumatized Carapace  
  66  7:52  Queen  
  68  8:09  Hatchery  
  68  8:12  Hatchery  
  66  8:14  Hatchery  
  66  8:15  Baneling x12  
  66  8:16  Baneling x10  
  65  8:25  Hive  
  65  8:28  Drone  
  65  8:29  Drone x16  
  82  8:47  Zerg Melee Weapons Level 2  
  82  8:51  Zerg Ground Armor Level 2  
  82  9:16  Hydralisk Den  
  81  9:26  Mutalisk  
  81  9:27  Mutalisk x8  
  81  9:30  Zergling x2  
  100  9:32  Overlord x3  
  100  9:33  Overlord  
  100  9:34  Overlord x13  
  100  9:38  Adrenal Glands  
  100  9:54  Zergling x24  
  100  9:55  Hatchery  
  100  9:58  Extractor  
  110  10:15  Zergling x24  
  106  10:58  Mutalisk x14  
  102  11:27  Zergling x10  
  102  11:28  Zergling x34  
  102  11:31  Zerg Melee Weapons Level 3  
  102  11:32  Zerg Ground Armor Level 3  
  124  12:03  Baneling x14  
  124  12:04  Baneling x9, Extractor  
  123  12:11  Drone x4  
  123  12:12  Drone x17  
  140  12:39  Zergling x14  
  140  12:40  Zergling x14  
  152  13:02  Greater Spire, Ultralisk Cavern  
  151  13:11  Spire  
  150  13:41  Nydus Network  
  149  13:50  Anabolic Synthesis  
  149  13:54  Ultralisk x4  
  149  13:55  Ultralisk  
  179  13:56  Ultralisk  
  179  14:01  Mutalisk x2  
  189  14:20  Mutalisk  
  189  14:21  Mutalisk x4  
  187  14:32  Chitinous Plating  
  187  14:48  Nydus Canal  
  121  15:54  Mutalisk x11  
  121  15:55  Mutalisk x8  
  155  16:09  Zerg Flyer Armor Level 1, Zerg Flyer Weapons Level 1  
  151  16:11  Corruptor  
  151  16:13  Corruptor  
  137  16:31  Zerg Missile Weapons Level 1  
  137  16:34  Zergling x16  
  137  16:35  Zergling x22  
  156  16:55  Corruptor x7  
  156  17:00  Zergling x14  
  177  17:05  Ultralisk  
  179  17:35  Queen  
  181  17:53  Brood Lord x4  
  180  18:45  Brood Lord x3  
Show
View Real Time Build Order
Export as new Build Order

tigro Terran - Winner!

Build Orders:  

Get SALT Encoding   

  12  0:02  SCV  
  13  0:14  SCV  
  14  0:25  Supply Depot  
  14  0:27  SCV  
  15  0:36  Refinery  
  15  0:47  SCV  
  16  0:55  Barracks  
  16  0:59  SCV  
  17  1:06  Refinery  
  17  1:11  SCV  
  18  1:19  Supply Depot  
  18  1:23  SCV  
  19  1:35  SCV  
  20  1:42  Marine  
  21  1:47  SCV  
  22  1:59  Marine  
  22  2:00  SCV  
  24  2:05  Barracks  
  24  2:12  SCV  
  25  2:16  Engineering Bay  
  25  2:17  Marine  
  26  2:24  SCV  
  27  2:35  Marine  
  28  2:37  Orbital Command  
  28  2:48  Factory  
  28  2:53  Marine  
  28  2:56  Missile Turret  
  29  3:00  Barracks Reactor  
  29  3:19  Missile Turret  
  29  3:33  Barracks Tech Lab  
  29  3:36  Terran Infantry Weapons Level 1  
  29  3:40  Factory Tech Lab, Missile Turret  
  29  3:55  Marine x2  
  31  3:57  Command Center  
  31  4:10  Starport  
  31  4:16  Siege Tank  
  34  4:48  Medivac  
  34  4:49  Starport  
  36  5:09  Marine  
  36  5:10  Marine x2  
  39  5:18  Refinery  
  39  5:20  SCV  
  40  5:27  Marine x3  
  43  5:31  Terran Infantry Armor Level 1  
  43  5:41  Supply Depot  
  43  5:45  Marine x3  
  46  6:01  Combat Shield  
  46  6:03  Marine x3  
  47  6:21  Marine x3  
  49  6:38  Marine  
  49  6:39  Marine  
  33  7:09  SCV  
  34  7:16  Refinery  
  34  7:20  Stimpack, Starport Tech Lab x2  
  34  7:21  SCV  
  35  7:33  SCV  
  36  7:45  SCV  
  36  7:46  Marine x3  
  40  7:51  Neosteel Armor  
  40  7:57  SCV  
  41  8:02  Fusion Core  
  41  8:04  Marine x3  
  44  8:21  Marine  
  44  8:22  Marine x2  
  47  8:31  Medivac  
  47  8:32  Medivac  
  47  8:34  Missile Turret  
  51  8:36  Missile Turret  
  51  8:39  Marine  
  51  8:40  Marine x2  
  54  8:42  SCV  
  55  8:51  Armory  
  55  8:54  Missile Turret, SCV  
  56  8:57  Marine  
  57  9:06  SCV  
  57  9:08  Weapon Refit  
  58  9:18  SCV  
  59  9:31  Hi-Sec Auto Tracking, Siege Tank  
  62  9:35  Supply Depot  
  62  9:36  Battlecruiser  
  68  9:45  SCV  
  69  9:57  SCV  
  70  10:00  Marine x3  
  70  10:01  Command Center  
  73  10:18  Marine x3  
  76  10:35  Marine  
  63  10:48  Rapid Reignition System  
  57  11:33  Battlecruiser  
  57  11:34  Battlecruiser  
  69  11:45  Advanced Ballistics  
  55  12:00  Marine x3  
  54  12:08  Planetary Fortress  
  54  12:18  Marine x3  
  57  12:35  Marine  
  57  12:36  Marine x2  
  60  12:38  Battlecruiser x2  
  72  12:52  Terran Infantry Weapons Level 2  
  72  12:53  Marine x2  
  72  12:55  Terran Vehicle Weapons Level 1  
  74  13:05  Siege Tank  
  77  13:28  SCV  
  78  13:37  Siege Tank  
  78  13:40  SCV  
  82  13:42  Medivac, Battlecruiser  
  90  13:52  SCV  
  91  13:58  Refinery  
  91  14:04  SCV  
  92  14:12  Medivac  
  92  14:16  SCV  
  95  14:46  Battlecruiser  
  95  14:49  Terran Ship Weapons Level 1  
  61  15:07  Terran Infantry Armor Level 2  
  61  15:11  Marine x3  
  64  15:29  Marine x3  
  64  15:30  Thor  
  73  15:46  Planetary Fortress  
  73  15:47  Marine x3  
  76  16:03  Refinery  
  76  16:04  Marine  
  76  16:05  Marine x2  
  79  16:13  Thor  
  85  16:22  Medivac, Marine  
  85  16:23  Medivac, Marine x2  
  92  16:40  Marine x3  
  92  16:43  Terran Vehicle And Ship Armor Level 1  
  95  16:53  Battlecruiser  
  101  16:56  Thor  
  101  16:58  Marine x2  
  109  17:28  Supply Depot  
  109  17:49  Thor, Marine x2  
  109  17:51  Supply Depot  
  117  18:12  Marine x2  
Show
View Real Time Build Order
Export as new Build Order

TATORREA Protoss - Winner!

Build Orders:  

Get SALT Encoding   

  12  0:01  Probe  
  13  0:13  Probe  
  14  0:25  Probe  
  14  0:26  Pylon  
  15  0:44  Probe  
  16  0:52  Gateway  
  16  0:55  Gateway  
  16  0:56  Probe  
  17  1:08  Probe  
  17  1:10  Assimilator  
  18  1:19  Pylon  
  18  1:20  Probe  
  19  1:32  Probe  
  20  1:44  Probe  
  21  1:47  Assimilator  
  21  1:57  Probe  
  22  2:09  Probe  
  22  2:10  Cybernetics Core  
  22  2:11  Pylon  
  22  2:14  Gateway  
  23  2:21  Probe  
  24  2:32  Nexus  
  24  2:33  Probe  
  25  2:40  Pylon  
  25  2:47  Pylon  
  25  2:48  Probe  
  26  2:52  Warp Gate  
  26  3:00  Probe  
  27  3:08  Stalker  
  27  3:12  Probe  
  30  3:19  Stalker  
  32  3:24  Probe  
  33  3:40  Gateway  
  33  3:41  Probe  
  34  3:42  Pylon  
  34  3:46  Probe  
  35  3:53  Probe  
  36  3:58  Probe  
  36  4:01  Robotics Facility  
  37  4:05  Probe  
  38  4:10  Probe  
  39  4:17  Probe  
  39  4:22  Probe  
  41  4:31  Probe  
  41  4:32  Nexus  
  41  4:34  Pylon, Probe  
  41  4:37  Pylon  
  43  4:43  Assimilator  
  43  4:44  Probe  
  44  4:45  Assimilator  
  44  4:46  Probe  
  49  4:53  Immortal  
  49  4:57  Probe  
  49  4:59  Probe  
  51  5:09  Robotics Bay  
  51  5:10  Probe  
  51  5:11  Probe  
  51  5:13  Stalker  
  55  5:14  Stalker  
  55  5:17  Stalker  
  59  5:21  Stalker  
  59  5:24  Probe x2  
  63  5:32  Observer  
  64  5:36  Probe x2  
  66  5:45  Stalker x4  
  66  5:47  Probe  
  66  5:49  Probe x2  
  77  5:59  Immortal  
  77  6:00  Probe  
  77  6:02  Probe x2  
  84  6:12  Probe  
  84  6:14  Assimilator, Probe  
  84  6:15  Probe  
  84  6:16  Assimilator  
  87  6:24  Probe  
  88  6:25  Extended Thermal Lance  
  88  6:26  Probe  
  88  6:27  Probe  
  90  6:36  Pylon, Probe  
  90  6:38  Probe  
  90  6:39  Pylon, Probe  
  93  6:49  Gateway, Probe  
  93  6:50  Probe  
  93  6:51  Gateway, Probe  
  93  6:54  Gateway  
  96  7:00  Gateway  
  96  7:01  Probe  
  97  7:10  Probe x2  
  97  7:11  Nexus  
  97  7:13  Probe  
  97  7:15  Pylon  
  100  7:18  Pylon  
  100  7:22  Probe x2  
  102  7:29  Probe  
  103  7:34  Probe x2  
  103  7:36  Colossus  
  111  7:41  Probe  
  111  7:43  Stalker  
  111  7:44  Stalker x3  
  116  7:46  Probe x2  
  116  7:47  Stalker x2  
  126  7:53  Probe  
  127  7:58  Probe x2  
  127  8:04  Twilight Council  
  127  8:05  Probe  
  130  8:07  Forge  
  130  8:08  Gateway  
  130  8:09  Forge x2  
  130  8:10  Probe  
  131  8:16  Assimilator  
  131  8:22  Assimilator  
  131  8:29  Pylon  
  131  8:31  Pylon  
  131  8:33  Stalker x2  
  131  8:34  Stalker x3  
  139  8:35  Stalker, Pylon  
  139  8:37  Stalker  
  139  8:39  Stalker, Pylon  
  147  8:42  Pylon  
  147  8:45  Pylon, Colossus  
  153  9:00  Stargate  
  153  9:02  Stargate  
  153  9:35  Gateway  
  153  9:36  Protoss Ground Weapons Level 1  
  153  9:37  Protoss Ground Armor Level 1, Gateway  
  153  9:38  Stalker x4, Protoss Shields Level 1  
  155  9:39  Stalker x4, Gateway  
  155  9:41  Nexus  
  155  9:42  Stalker  
  155  9:43  Gateway, Charge  
  155  9:44  Pylon  
  171  9:46  Pylon  
  171  9:47  Gateway x2  
  171  9:51  Gateway x2  
  171  10:01  Templar Archives  
  171  10:06  Fleet Beacon  
  171  10:10  Stalker x4  
  171  10:11  Stalker  
  181  10:16  Colossus  
  171  11:00  High Templar x5  
  171  11:01  High Templar x5  
  171  11:02  High Templar x3  
  187  11:07  Archon x4  
  187  11:08  Archon  
  187  11:09  Archon  
  105  12:05  High Templar x3  
  105  12:06  High Templar x4  
  105  12:07  High Templar x2  
  123  12:10  Zealot x3  
  123  12:11  Zealot x5  
  135  12:33  Nexus  
  135  12:34  Pylon  
  135  12:37  Pylon  
  135  12:44  Gateway  
  135  12:48  Gateway  
  135  12:49  Zealot  
  135  12:50  Gateway, Zealot  
  135  12:51  Zealot x4  
  141  12:52  Zealot x4  
  141  12:53  Zealot x4  
  141  12:54  Gateway, Zealot x3  
  141  12:56  Gateway  
  141  12:57  Archon x4  
  159  13:00  Colossus, Protoss Ground Weapons Level 2  
  159  13:01  Protoss Shields Level 2, Protoss Ground Armor Level 2, Gateway  
  159  13:03  Gateway  
  165  13:19  Tempest  
  171  13:20  Carrier  
  171  13:24  Zealot  
  171  13:25  Zealot x5  
  171  13:26  High Templar  
  190  13:28  High Templar  
  190  13:31  Zealot  
  190  13:32  Zealot x3  
  200  13:35  Archon  
  194  14:03  Carrier  
  156  14:55  High Templar x2  
  156  14:56  High Templar x3  
  156  14:57  High Templar x5  
  156  14:58  High Templar x3  
  133  15:25  Tempest, Carrier  
  133  15:27  Assimilator  
  144  15:30  Assimilator  
  144  15:51  Zealot x2  
  144  15:52  Assimilator, Zealot x5  
  144  15:53  Assimilator, Zealot x3  
  144  15:54  Zealot  
  144  15:55  Zealot x3  
  144  15:56  Zealot  
  144  15:57  Zealot x5  
  176  15:58  Zealot x4  
  176  16:02  Archon x3  
  176  16:03  Archon x2  
  176  16:04  Archon  
  192  16:08  Carrier  
  179  17:08  Stalker x2  
  153  17:09  Stalker x5  
  153  17:10  Stalker x4  
  153  17:11  Stalker x4  
  153  17:12  Stalker x2  
  169  17:16  Stalker  
  169  17:17  Stalker x3  
  169  17:18  Stalker x3  
  172  17:34  Stalker x2  
  172  17:35  Stalker x4  
  172  17:36  Stalker x4  
  192  17:37  Stalker x3  
  192  17:38  Stalker  
  190  18:10  Zealot x3  
  190  18:11  Zealot x3  
Tags
 
Add a new tag
Caveats
  • Supply blocks, unpowered buildings, or Contaminate may cause inaccurate times.
  • Supply counts are checked every 10 seconds.